 Dungeon Crawl Stone Soup version 0.28-a0-1382-g92835e5c71 (webtiles) character file.

Game seed: 5016544624687476974

280387 GordonOverkill the Fetichist (level 20, -2/193 HPs)
             Began as a Hill Orc Cinder Acolyte on Dec 31, 2021.
             Was a Follower of Ignis.
             Slain by a vault warden (20 damage)
             ... on level 2 of the Vaults on Jan 1, 2022.
             The game lasted 02:03:47 (60736 turns).

GordonOverkill the Fetichist (HOCA)                Turns: 60736, Time: 02:03:47

Health: -2/193     AC: 33    Str: 26    XL:     20   Next: 47%
Magic:  0/21       EV:  8    Int: 17    God:    Ignis [*.....]
Gold:   2099       SH: 16    Dex:  5    Spells: 21/21 levels left

rFire   + . .      SeeInvis .   v - +4 broad axe (freeze)
rCold   . . .      Faith    .   c - +0 tower shield
rNeg    . . .      Spirit   +   J - +7 chain mail of Distant Shores {rElec Str+2}
rPois   +          Reflect  .   i - +2 helmet
rElec   +          Harm     .   Q - +2 cloak
rCorr   .          Rampage  .   e - +2 pair of gloves
Will    +++..                   R - +1 pair of boots
Stlth   ..........              Y - amulet of the Magpie {Spirit Fly rElec Will++ Int+3 Dex-3}
HPRegen 0.42/turn               M - +4 ring of slaying
MPRegen 0.17/turn               S - ring of poison resistance

@: on fire, flying, glowing, invisible (but backlit and visible)
A: no striking features
}: 2/15 runes: decaying, gossamer
a: Renounce Religion, Fiery Armour, Foxfire Swarm, Rising Flame


You were on level 2 of the Vaults.
You worshipped Ignis.
Ignis was aware of your devotion.
You visited 6 branches of the dungeon, and saw 33 of its levels.
You also visited: Bailey, Gauntlet, Ice Cave and Volcano.

You collected 3797 gold pieces.
You spent 1698 gold pieces at shops.

Inventory:

Hand Weapons
 v - a +4 broad axe of freezing (weapon)
Missiles
 k - 7 curare-tipped darts (quivered)
 w - 25 boomerangs
 y - 3 throwing nets
 P - 11 javelins
Armour
 c - a +0 tower shield (worn)
 e - a +2 pair of gloves (worn)
 i - a +2 helmet (worn)
 q - a +2 plate armour of fire resistance
 u - a scarf of invisibility
 J - the +7 chain mail of Distant Shores (worn) {rElec Str+2}
   (You found it on level 10 of the Dungeon)

   Str:       It affects your strength (+2).
   rElec:     It insulates you from electricity.
 Q - a +2 cloak (worn)
 R - a +1 pair of boots (worn)
Jewellery
 b - a ring of see invisible
 D - the ring "Niaso" {rC- rN+ Dex+7 Slay+5}
   (You found it in a Gauntlet)

   [ring of positive energy]

   Dex:       It affects your dexterity (+7).
   Slay:      It affects your accuracy & damage with ranged weapons and melee
   (+5).
   rC:        It makes you vulnerable to cold.
   rN:        It protects you from negative energy.
 I - a ring of ice
 M - a +4 ring of slaying (left hand)
 O - the amulet of Yppaprid {Faith rF+}
   (You found it in a Gauntlet)

   [amulet of faith]

   It allows you to gain divine favour quickly.
   rF:        It protects you from fire.
 S - a ring of poison resistance (right hand)
 U - a ring of protection from fire
 Y - the amulet of the Magpie (around neck) {Spirit Fly rElec Will++ Int+3 Dex-3}
   (You bought it in a shop on level 15 of the Dungeon)

   [amulet of guardian spirit]

   It causes incoming damage to be divided between your reserves of health and
   magic.
   Int:       It affects your intelligence (+3).
   Dex:       It affects your dexterity (-3).
   rElec:     It insulates you from electricity.
   Fly:       It grants you flight.
   Will:      It greatly increases your willpower.
Wands
 n - a wand of polymorph (30)
 F - a wand of flame (36)
 H - a wand of digging (17)
 K - a wand of iceblast (7)
Scrolls
 h - 8 scrolls of immolation
 j - 4 scrolls of fear
 l - 5 scrolls of vulnerability
 o - 6 scrolls of fog
 x - 4 scrolls of magic mapping
 z - 2 scrolls of blinking
 A - 12 scrolls of teleportation
 G - a scroll of holy word
 N - 2 scrolls of summoning
 T - 9 scrolls of identify
 Z - a scroll of silence
Potions
 d - 5 potions of might
 f - 9 potions of curing
 g - 3 potions of heal wounds
 m - a potion of resistance
 p - 3 potions of mutation
 t - 3 potions of lignification
 B - a potion of haste
 E - 7 potions of ambrosia
 L - a potion of cancellation
Miscellaneous
 a - a lightning rod (4/4)
 s - a condenser vane (inert)
 W - a tin of tremorstones (inert)
 X - a box of beasts


   Skills:
 - Level 20.0 Fighting
 - Level 18.0 Axes
 - Level 2.0 Throwing
 + Level 14.3 Armour
 + Level 9.3 Dodging
 - Level 15.0 Shields
 - Level 1.0 Spellcasting
 - Level 3.2 Fire Magic
 + Level 20.6 Evocations


You had 21 spell levels left.
You didn't know any spells.
Your spell library contained the following spells:

 Spells                   Type           Power      Damage    Failure   Level
 Scorch                   Fire           24%        2d6       77%         2
 Foxfire                  Conj/Fire      24%        2x1d5     85%         1
 Animate Skeleton         Necr           0%         N/A       97%         1
 Beastly Appendage        Tmut           0%         N/A       97%         1
 Magic Dart               Conj           0%         1d3       97%         1
 Pain                     Necr           0%         1d4       97%         1
 Blink                    Tloc           0%         N/A       99%         2
 Call Imp                 Summ           0%         N/A       99%         2
 Corpse Rot               Necr/Air       0%         N/A       99%         2
 Poisonous Vapours        Pois/Air       0%         N/A       99%         2
 Wereblood                Tmut           0%         N/A       99%         2
 Conjure Flame            Conj/Fire      6%         6-21      99%         3
 Ignite Poison            Fire/Tmut/Pois 4%         N/A       99%         3
 Inner Flame              Hex/Fire       6%         N/A       99%         3
 Lesser Beckoning         Tloc           0%         N/A       100%        3
 Mephitic Cloud           Conj/Pois/Air  0%         N/A       100%        3
 Ozocubu's Armour         Ice            0%         N/A       100%        3
 Portal Projectile        Hex/Tloc       0%         N/A       100%        3
 Spider Form              Tmut/Pois      0%         N/A       100%        3
 Vampiric Draining        Necr           0%         2d6       100%        3
 Airstrike                Air            0%         N/A       100%        4
 Cause Fear               Hex            0%         N/A       100%        4
 Dispel Undead            Necr           0%         3d6       100%        4
 Flame Wave               Conj/Fire      6%         2d4       100%        4
 Summon Lightning Spire   Summ/Air       0%         N/A       100%        4
 Alistair's Intoxication  Tmut/Pois      0%         N/A       100%        5
 Blade Hands              Tmut           0%         N/A       100%        5
 Borgnjor's Vile Clutch   Necr/Erth      0%         N/A       100%        5
 Excruciating Wounds      Necr           0%         N/A       100%        5
 Fireball                 Conj/Fire      3%         3d4       100%        5
 Irradiate                Conj/Tmut      0%         3d13      100%        5
 Iskenderun's Battlesphe  Conj           0%         2d6       100%        5
 Lightning Bolt           Conj/Air       0%         1d11      100%        5
 Manifold Assault         Tloc           0%         N/A       100%        5
 Metabolic Englaciation   Hex/Ice        0%         N/A       100%        5
 Summon Forest            Summ/Tloc      0%         N/A       100%        5
 Summon Mana Viper        Hex/Summ       0%         N/A       100%        5
 Conjure Ball Lightning   Conj/Air       0%         3x3d6     100%        6
 Death Channel            Necr           0%         N/A       100%        6
 Eringya's Noxious Bog    Tmut/Pois      0%         N/A       100%        6
 Simulacrum               Ice/Necr       0%         N/A       100%        6
 Starburst                Conj/Fire      3%         6d3       100%        6
 Summon Cactus Giant      Summ           0%         N/A       100%        6
 Dragon Form              Tmut           0%         N/A       100%        7
 Orb of Destruction       Conj           0%         N/A       100%        7
 Discord                  Hex            0%         N/A       100%        8
 Ignition                 Fire           6%         3d4       100%        8


Dungeon Overview and Level Annotations

Branches:
Dungeon (15/15)            Temple (0/1) D:7            Lair (6/6) D:9
  Swamp (4/4) Lair:3       Spider (4/4) Lair:3        Slime (0/5) Lair:5
    Orc (2/2) D:11            Elf (0/3) Orc:2        Vaults (2/5) D:13
 Depths (0/4) D:15         Bailey (visited)           IceCv (visited)
Volcano (visited)         Gauntlet (visited)
  Crypt: Vaults:2-3

Altars:
Okawaru
Qazlal
Sif Muna
Uskayaw
Vehumet
Xom
The Shining One
Beogh

Shops:
D:1 [   D:4 =   D:7 ?   D:15 =   Orc:2 ![[[   Vaults:1 *


Message History

The vault warden looks as sick as possible!
The vault warden hits you but does no damage.
The vault warden is engulfed in poison gas.
The vault warden looks as sick as possible!
The vault warden blocks your attack.
The vault warden is severely wounded.
You slash the red very ugly thing! You freeze the red very ugly thing.
You hit the vault warden. You freeze the vault warden.
The red very ugly thing is engulfed in poison gas.
The red very ugly thing looks as sick as possible!
The red very ugly thing completely misses you.
The vault warden is engulfed in poison gas.
The vault warden looks as sick as possible!
The vault warden hits you with a +0 war axe of freezing!
* * * LOW HITPOINT WARNING * * *
The vault warden freezes you!
* * * LOW HITPOINT WARNING * * *
The vault warden is engulfed in poison gas.
The vault warden looks as sick as possible!
The vault warden barely misses you.
You slash the red very ugly thing! You freeze the red very ugly thing.
The red very ugly thing is severely wounded.
The vault warden blocks your attack.
You hit the vault warden but do no damage.
The red very ugly thing is engulfed in poison gas.
The red very ugly thing looks as sick as possible!
The red very ugly thing engulfs you!
* * * LOW HITPOINT WARNING * * *
You are covered in liquid flames.
You are covered in liquid flames!
The vault warden is engulfed in poison gas.
The vault warden looks as sick as possible!
The vault warden hits you with a +0 war axe of freezing!
* * * LOW HITPOINT WARNING * * *
The vault warden freezes you.
* * * LOW HITPOINT WARNING * * *
The vault warden is engulfed in poison gas.
The vault warden looks as sick as possible!
The vault warden hits you with a +2 dire flail of holy wrath!!
You die...

#
#......'[......####.^....#
#......[........# #......#
#.>....###+###+## #......#
#).....# #.....# #......#
#......# #.....# #......#
##'###### #.....#
#####'### #.....# #.....#
#......### #.###.# #§§§..#
#.......). #.#C#.# #@u§..#
#...)..... #.###.# #pp§§.#
##..##)#.. #.....# #§§§§.#
#..#..#.. ######.###.#
#§§§§.# #..#..#..
.....+.#W#.# #§§...#
####..#'# .....#.###.#
##+#### #.....
.....#.....# ... #.....
<....'.###.# #... ###...
.....#.#C#.# #... ####


You could see a red very ugly thing (extremely poisoned) and 2 vault wardens.

Vanquished Creatures
  Arachne (Spider:2)
  2 tentacled monstrosities
  Asterion (Vaults:2)
  A sphinx (Vaults:2)
  Frances (Spider:2)
  A fenstrider witch (Swamp:3)
  3 thorn hunters
  A fire giant (Vaults:1)
  An azure jelly (Swamp:3)
  5 vault wardens
  A draconian knight (IceCv)
  11 emperor scorpions
  Louise (Spider:2)
  6 ghost moths
  2 orc warlords
  A reaper (Gauntlet)
  8 ironbound preservers
  A very ugly thing (Vaults:2)
  A broodmother (Spider:4)
  2 war gargoyles (Vaults:2)
  An ironbound thunderhulk (Vaults:2)
  Nessos (Lair:6)
  6 dire elephants
  2 entropy weavers
  Azrael (D:14)
  5 eleionomae
  2 minotaurs
  5 white draconians (IceCv)
  A fire dragon (D:15)
  A spark wasp (Spider:4)
  4 bunyips
  Snorg (Lair:6)
  2 yaktaur captains (Vaults:2)
  The ghost of Democracy123 the Severer, a journeyman MiBe of Trog (Lair:1)
  Josephine (D:12)
  2 shambling mangroves
  The ghost of Gelon the Zephyrmancer, a journeyman TeAE of Vehumet (Lair:3)
  Fannar (D:10)
  5 vault guards (Vaults:2)
  6 boulder beetles
  22 hydras
  3 ironbound frosthearts
  A peacekeeper (Vaults:2)
  An ogre mage (D:13)
  4 catoblepae
  2 radroaches
  A jorogumo (Spider:3)
  Erica (D:10)
  A ghost crab (Swamp:4)
  A spriggan air mage (Swamp:3)
  6 two-headed ogres
  8 alligators
  5 centaur warriors
  16 death yaks
  4 orc high priests (Orc:2)
  Nergalle (D:12)
  Sonja (D:11)
  7 pharaoh ants
  A sun demon (Volcano)
  2 steelbarb worms (Spider:3)
  2 sun moths (Spider:3)
  A goliath frog (Swamp:2)
  5 skeletal warriors
  4 spriggan druids
  An orange crystal statue (IceCv)
  27 deep trolls
  12 orb spiders
  10 bog bodies
  8 ironbound convokers
  5 orc knights
  A lindwurm (Lair:6)
  3 wizards
  2 deep elf pyromancers
  A phantasmal warrior (Vaults:1)
  8 swamp dragons
  17 wolf spiders
  6 cyclopes
  4 orc sorcerers
  12 ugly things
  4 will-o-the-wisps
  5 manticores
  6 vault sentinels
  4 moths of wrath
  17 slime creatures
  A guardian serpent (shapeshifter) (D:15)
  7 storm dragon simulacra (IceCv)
  5 torpor snails
  5 black mambas
  28 elephants
  4 centaur skeletons (D:13)
  17 cane toads
  A komodo dragon (shapeshifter) (D:14)
  2 demonic crawlers
  A rime drake (shapeshifter) (D:15)
  2 rime drakes (Lair:3)
  10 yaktaurs
  An unseen horror (D:11)
  A kobold demonologist (D:10)
  2 freezing wraiths (Swamp:3)
  A red devil (Volcano)
  6 komodo dragons
  5 golden dragon simulacra (IceCv)
  A hellwing (Gauntlet)
  A troll (shapeshifter) (D:15)
  3 polar bears (Lair:5)
  13 hornets
  15 meliai
  6 trolls
  6 tyrant leeches
  2 bloated husks
  35 tarantellas
  12 blink frogs
  12 dream sheep
  30 culicivoras
  A vampire (D:10)
  28 jumping spiders
  6 wraiths
  2 wyverns
  58 yaks
  9 spriggans
  6 basilisks
  5 fire bats (Volcano)
  A golden eye (shapeshifter) (D:11)
  11 swamp worms
  53 redbacks
  5 wargs (Orc:2)
  17 vampire mosquitoes
  3 acid dragons
  A naga (shapeshifter) (Gauntlet)
  9 hell hounds
  10 water moccasins
  7 ice dragon simulacra (IceCv)
  7 swamp drakes
  24 orc warriors
  3 black bears
  2 sky beasts (D:6)
  2 necrophages (D:5)
  8 ogres
  2 boggarts
  2 phantoms
  15 centaurs
  27 wolves
  6 kobold brigands
  Blork the orc (D:4)
  A wyvern zombie (D:9)
  A gnoll sergeant (D:8)
  14 bullfrogs
  5 scorpions
  A wyvern skeleton (D:6)
  A water moccasin skeleton (D:6)
  3 ballistomycetes (Lair:5)
  A howler monkey (D:11)
  7 wights
  2 lindwurm simulacra (IceCv)
  4 electric eels
  4 centaur zombies
  A jelly (D:3)
  4 lava snakes (Volcano)
  4 hounds
  42 orc priests
  4 iguanas
  4 hell rats (Lair:3)
  25 orc wizards
  A hound skeleton (D:4)
  Robin (D:2)
  A howler monkey zombie (D:9)
  4 adders
  10 gnolls
  An ufetubus (D:5)
  A dart slug (D:1)
  89 orcs
  7 endoplasms
  5 giant cockroaches
  26 goblins
  20 hobgoblins
  6 jackals
  22 kobolds
  3 quokkas
  8 ball pythons
  2 bats (D:1)
  4 frilled lizards
  5 rats
  6 ballistomycete spores (Lair:5)
1269 creatures vanquished.

Vanquished Creatures (collateral kills)
  A dread lich (Vaults:1)
  2 emperor scorpions
  An ironbound convoker (Vaults:1)
  A torpor snail (Spider:4)
  A tyrant leech (Swamp:3)
  A slime creature (Vaults:1)
  A yak (D:10)
  A redback (Spider:3)
  2 wights (D:10)
  A kobold (D:10)
12 creatures vanquished.

Vanquished Creatures (others)
  A ghost crab (Swamp:3)
  A wandering mushroom (Lair:5)
  3 bloated husks
  A jumping spider (Spider:4)
  A yak (D:10)
  A redback (Spider:3)
  A kobold (D:5)
  27 ballistomycete spores (Lair:5)
  118 foxfires
  24 fungi
  44 plants
  18 withered plants (Gauntlet)
240 creatures vanquished.

Grand Total: 1521 creatures vanquished

Notes
Turn   | Place    | Note
-------+----------+-------------------------------------------
     0 | D:1      | GordonOverkill the Hill Orc Cinder Acolyte began the quest
                  | for the Orb.
     0 | D:1      | Reached XP level 1. HP: 19/19 MP: 2/2
   154 | D:1      | Reached XP level 2. HP: 20/27 MP: 0/3
   428 | D:1      | Found Vaegam's Antique Armour Boutique.
   431 | D:1      | Reached skill level 5 in Axes
   591 | D:1      | Reached XP level 3. HP: 33/33 MP: 4/4
  1059 | D:2      | Found a shimmering altar of Xom.
  1076 | D:2      | Noticed Robin
  1113 | D:2      | Killed Robin
  1114 | D:2      | Reached XP level 4. HP: 8/41 MP: 2/5
  2161 | D:3      | Found a radiant altar of Vehumet.
  2162 | D:3      | Found a glowing golden altar of the Shining One.
  2251 | D:3      | Noticed an ogre
  2266 | D:3      | Killed an ogre
  2267 | D:3      | Reached skill level 5 in Fighting
  2267 | D:3      | Reached XP level 5. HP: 48/48 MP: 6/6
  2561 | D:3      | Reached XP level 6. HP: 56/56 MP: 7/7
  3503 | D:4      | Found Giunlist's Jewellery Shop.
  3661 | D:4      | Noticed Blork the orc
  3683 | D:4      | Killed Blork the orc
  3923 | D:4      | Reached XP level 7. HP: 61/63 MP: 8/8
  4426 | D:5      | Entered Level 5 of the Dungeon
  4999 | D:5      | Reached skill level 10 in Axes
  4999 | D:5      | Reached XP level 8. HP: 30/73 MP: 4/9
  5615 | D:5      | Found a shimmering blue altar of Sif Muna.
  5615 | D:5      | Found a hide-covered altar of Uskayaw.
  5625 | D:5      | Found a faded altar of an unknown god.
  5642 | D:5      | Found a faded altar of an unknown god.
  5643 | D:5      | Found a stormy altar of Qazlal.
  5824 | D:5      | You fall into a shaft and drop 1 floor!
  6551 | D:5      | Upgraded the game from 0.28-a0-1365-g7e0445c96d to
                  | 0.28-a0-1382-g92835e5c71
  6564 | D:5      | Reached skill level 1 in Throwing
  6788 | D:6      | Noticed a yak
  6789 | D:6      | Noticed a yak
  6789 | D:6      | Noticed a yak
  6806 | D:6      | Reached XP level 9. HP: 70/82 MP: 10/10
  8120 | D:7      | Found an iron altar of Okawaru.
  8215 | D:7      | Reached skill level 1 in Evocations
  8257 | D:7      | Reached XP level 10. HP: 66/93 MP: 7/11
  8265 | D:7      | Reached skill level 10 in Fighting
  8337 | D:7      | Found Eguf's Magic Scroll Boutique.
  8341 | D:7      | Found a staircase to the Ecumenical Temple.
  8417 | D:7      | Found a flagged portal.
  8423 | Bailey   | Entered a bailey
  8580 | Bailey   | Reached skill level 15 in Axes
  9090 | Bailey   | Noticed an orc knight
  9134 | Bailey   | Killed an orc knight
 10008 | Bailey   | Noticed an orc warlord
 10090 | Bailey   | Reached skill level 10 in Evocations
 10090 | Bailey   | Reached XP level 11. HP: 43/82 MP: 1/12
 10094 | Bailey   | Killed an orc warlord
 10542 | Bailey   | Got the Reference Book on the Volcanoes and Transmigration
 10834 | D:7      | Bought a scroll of magic mapping for 49 gold pieces
 10834 | D:7      | Bought a scroll of enchant weapon for 105 gold pieces
 10834 | D:7      | Bought a scroll of fear for 49 gold pieces
 10834 | D:7      | Bought a scroll of blinking for 105 gold pieces
 10834 | D:7      | Bought a scroll of enchant weapon for 105 gold pieces
 10834 | D:7      | Bought a scroll of teleportation for 42 gold pieces
 10834 | D:7      | Bought a scroll of identify for 28 gold pieces
 10834 | D:7      | Bought a scroll of teleportation for 42 gold pieces
 10834 | D:7      | Bought a scroll of identify for 28 gold pieces
 10834 | D:7      | Bought a scroll of fog for 28 gold pieces
 11573 | D:8      | Noticed a manticore
 11580 | D:8      | Killed a manticore
 12122 | D:9      | Noticed a death yak
 12128 | D:9      | Noticed a death yak
 12141 | D:8      | Killed a death yak
 12142 | D:8      | Reached XP level 12. HP: 37/103 MP: 5/13
 12386 | D:9      | Noticed a two-headed ogre
 12387 | D:9      | Noticed a death yak
 12403 | D:8      | Killed a death yak
 12596 | D:7      | Killed a two-headed ogre
 13410 | D:8      | Killed a death yak
 13746 | D:9      | Found a staircase to the Lair.
 13829 | D:9      | Found a transporter.
 13831 | D:9      | Found a transporter.
 13906 | D:9      | Noticed a two-headed ogre
 13907 | D:9      | Found a roughly hewn altar of Beogh.
 14345 | D:10     | Entered Level 10 of the Dungeon
 14357 | D:10     | Noticed Erica
 14361 | D:10     | Killed Erica
 14475 | D:10     | Noticed Fannar
 14479 | D:10     | Killed Fannar
 14593 | D:10     | Identified the +7 chain mail of Distant Shores {rElec
                  | Str+2}
 14619 | D:10     | Reached skill level 5 in Armour
 15444 | D:11     | Reached skill level 1 in Dodging
 15856 | D:11     | Noticed Sonja
 15858 | D:11     | Killed Sonja
 16001 | D:11     | Found a staircase to the Orcish Mines.
 16046 | D:11     | Noticed a two-headed ogre
 16055 | D:11     | Killed a two-headed ogre
 16175 | D:12     | Found a gate leading to a gauntlet.
 16211 | Gauntlet | Entered a Gauntlet
 16211 | Gauntlet | Found a transporter.
 16297 | Gauntlet | Found a transporter.
 16312 | Gauntlet | Found a transporter.
 16317 | Gauntlet | Found a transporter.
 16318 | Gauntlet | Noticed a hell hog
 16334 | Gauntlet | Found a transporter.
 16351 | Gauntlet | Found a transporter.
 16363 | Gauntlet | Found a transporter.
 16375 | Gauntlet | Found a transporter.
 16384 | Gauntlet | Noticed a reaper
 16387 | Gauntlet | Found a transporter.
 16399 | Gauntlet | Found a transporter.
 16403 | Gauntlet | Noticed a hell beast
 16405 | Gauntlet | Found a transporter.
 16405 | Gauntlet | Found a transporter.
 16444 | Gauntlet | Found a transporter.
 16469 | Gauntlet | Found a transporter.
 16471 | Gauntlet | Found a transporter.
 16491 | Gauntlet | Found a transporter.
 16571 | Gauntlet | Found a transporter.
 16593 | Gauntlet | Found a transporter.
 16700 | Gauntlet | Identified the amulet of Autotheism {RegenMP Harm *Corrode
                  | rPois Str+4}
 16723 | Gauntlet | Reached XP level 13. HP: 112/115 MP: 14/14
 16743 | Gauntlet | Identified the amulet of Yppaprid {Faith rF+}
 16787 | Gauntlet | Killed a reaper
 16790 | Gauntlet | Identified the ring "Niaso" {rC- rN+ Dex+7 Slay+5}
 17043 | Gauntlet | Identified the ring "Sietivum" {Fly Int+3}
 17043 | Gauntlet | Noticed a minotaur
 17052 | Gauntlet | Killed a minotaur
 17060 | Gauntlet | Got Iseelai's Grimoire of Displaced Toxins
 17127 | D:12     | Noticed Nergalle
 17140 | D:12     | Killed Nergalle
 17387 | D:12     | Noticed Josephine
 17440 | D:12     | Reached skill level 5 in Dodging
 17653 | D:12     | Killed Josephine
 18368 | D:13     | Identified the +4 rapier of Equilibrium {elec, Str+3}
 18987 | D:13     | Reached skill level 15 in Fighting
 18989 | D:13     | Found a gate to the Vaults.
 19785 | D:13     | Reached XP level 14. HP: 127/135 MP: 15/15
 19929 | D:14     | Noticed Azrael
 19947 | D:14     | Killed Azrael
 20806 | D:14     | Identified the +11 hand axe of Welfare {protect, rF- rC++
                  | SInv Stlth+}
 20848 | D:14     | Reached skill level 10 in Armour
 21301 | D:15     | Entered Level 15 of the Dungeon
 21582 | D:15     | Found Gah Ahuss's Jewellery Shoppe.
 22111 | D:15     | Found a staircase to the Depths.
 22111 | D:15     | Noticed a dire elephant
 22129 | D:15     | Killed a dire elephant
 23147 | Orc:1    | Entered Level 1 of the Orcish Mines
 23210 | Orc:1    | Found a roughly hewn altar of Beogh.
 23811 | D:15     | Bought the amulet of the Magpie {Spirit Fly rElec Will++
                  | Int+3 Dex-3} for 817 gold pieces
 24323 | Orc:2    | Entered Level 2 of the Orcish Mines
 25489 | Orc:2    | Found Gopit's Armour Shoppe.
 25489 | Orc:2    | Found Baarchuj's Distillery.
 25528 | Orc:2    | Found a roughly hewn altar of Beogh.
 25874 | Orc:2    | Found Rif Babb's Antique Armour Shoppe.
 25874 | Orc:2    | Found Ruje's Armour Shop.
 25966 | Orc:2    | Reached XP level 15. HP: 141/141 MP: 16/16
 26031 | Orc:2    | Found a staircase to the Elven Halls.
 26345 | Lair:1   | Entered Level 1 of the Lair of Beasts
 26430 | Lair:1   | Reached skill level 15 in Evocations
 26610 | Lair:1   | Found a runed translucent door.
 26611 | Lair:1   | Noticed Democracy123's ghost (journeyman MiBe)
 26885 | Lair:1   | Identified the ring of Bodily Harmony {rCorr Int+3}
 27317 | Lair:1   | Killed Democracy123's ghost
 28418 | Lair:3   | Found a runed translucent gate.
 28418 | Lair:3   | Found a runed translucent gate.
 28418 | Lair:3   | Found a runed translucent gate.
 28432 | Lair:3   | Noticed Gelon's ghost (journeyman TeAE)
 28741 | Lair:3   | Found a dark tunnel.
 28757 | Volcano  | Entered a volcano
 29125 | Volcano  | Found a radiant altar of Vehumet.
 29171 | Volcano  | Found a burning altar of Makhleb.
 29301 | Lair:3   | Found a hole to the Spider Nest.
 29429 | Lair:3   | Found a staircase to the Swamp.
 29701 | Lair:3   | Killed Gelon's ghost
 30799 | Lair:5   | Reached XP level 16. HP: 122/149 MP: 17/17
 31071 | Lair:5   | Found a staircase to the Slime Pits.
 31786 | Lair:6   | Entered Level 6 of the Lair of Beasts
 32137 | Lair:6   | Noticed Snorg
 32143 | Lair:6   | Killed Snorg
 33277 | Lair:6   | Noticed Nessos
 33285 | Lair:6   | Killed Nessos
 34414 | Swamp:1  | Entered Level 1 of the Swamp
 34705 | D:15     | Bought a ring of poison resistance for 300 gold pieces
 34971 | Spider:1 | Entered Level 1 of the Spider Nest
 35153 | Spider:1 | You are sucked into a shaft and drop 1 floor!
 36007 | Lair:3   | Reached XP level 17. HP: 68/158 MP: 7/18
 36934 | Spider:2 | Noticed Arachne
 36953 | Spider:2 | Killed Arachne
 37068 | Spider:2 | Found the ring of the Mage {Wiz Archmagi}
 37577 | Spider:2 | Noticed Frances
 37586 | Spider:2 | Killed Frances
 38660 | Spider:2 | Noticed Louise
 38676 | Spider:2 | Killed Louise
 39255 | Spider:2 | Reached skill level 1 in Shields
 41788 | Spider:3 | Reached skill level 5 in Shields
 42870 | Spider:4 | Entered Level 4 of the Spider Nest
 46178 | Spider:3 | Reached XP level 18. HP: 161/163 MP: 19/19
 46399 | Spider:3 | Reached skill level 10 in Shields
 49027 | Spider:4 | Got a gossamer rune of Zot
 50239 | Swamp:1  | Identified the +1 robe of the Northern Lights {rC+ Str-3
                  | Int+4}
 51380 | Swamp:2  | Noticed a tentacled monstrosity
 51406 | Swamp:2  | Killed a tentacled monstrosity
 52237 | Swamp:3  | Noticed a tentacled monstrosity
 52248 | Swamp:3  | Killed a tentacled monstrosity
 52333 | Swamp:3  | Found a frozen archway.
 52343 | Swamp:3  | Reached skill level 15 in Shields
 52435 | IceCv    | Entered an ice cave
 53750 | IceCv    | Identified the ring of Qesuh {Str+4 Dex+6}
 53755 | IceCv    | Identified the ring of Newk {Will+ Int+6}
 53758 | IceCv    | Identified the ring "Athym" {Int+6 Dex+2}
 53759 | IceCv    | Identified the amulet "Fyihudag" {Faith Harm rF+ rC-}
 53854 | Swamp:3  | Reached XP level 19. HP: 177/177 MP: 20/20
 55107 | Swamp:4  | Entered Level 4 of the Swamp
 55502 | Swamp:4  | Got a decaying rune of Zot
 56564 | Vaults:1 | Entered Level 1 of the Vaults
 57908 | Vaults:1 | Noticed a dread lich
 57914 | Vaults:1 | Noticed a Hell Sentinel
 57917 | Vaults:1 | Paralysed by something for 3 turns
 57923 | Vaults:1 | Killed a dread lich
 58499 | Vaults:1 | Found Cag Pecso's Assorted Antiques.
 59191 | Vaults:2 | Reached XP level 20. HP: 89/193 MP: 6/21
 59916 | Vaults:2 | Noticed Asterion
 59931 | Vaults:2 | Killed Asterion
 60736 | Vaults:2 | Slain by a vault warden

Illustrated notes

Levels and vault maps discovered:
D:1:      eino_arrival_water_cross, layout_rooms, serial_shops,
          nicolae_shop_advertising_works [nicolae_subvault_shop_adworks]
D:2:      layout_basic, basic_altar, uniq_robin
D:3:      layout_basic, jmf_multi_god_temple
D:4:      black_bear_nest_2, layout_loops_ring, serial_shops, shop,
          uniq_blork_the_orc
D:5:      layout_loops_corners, chequers_temple_overflow_minitemple
D:6:      layout_cave_pools, grunt_ministairs_1, minivault_11
D:7:      layout_basic, lemuel_crystal_altar,
          minmay_temple_entry_drinking_statues, serial_shops,
          nicolae_shop_waterfront, enter_bailey_3
D:8:      layout_basic
D:9:      gammafunk_beogh_shrine, layout_cave_pools, dpeg_lair_monsters
D:10:     layout_rooms, nicolae_two_hexagons, grunt_decor_arrowhead,
          water_maze_lemuel, uniq_erica, uniq_fannar
D:11:     layout_cave_pools, orc_0_dummy, uniq_sonja
D:12:     nicolae_cairo_tiling_large_dashed, layout_cross,
          gauntlet_entry_generic, uniq_nergalle, uniq_josephine
D:13:     layout_cave_pools, hangedman_vaults_entry_quadrant_bands
D:14:     layout_basic, hex_large, uniq_azrael
D:15:     hangedman_depths_entry_try_elsewhere_first, layout_stronghold,
          chequers_serial_rivers_large_a, serial_shops, shop
Lair:1:   layout_chaotic_city, ebering_ghost_inner_flame, serial_bayou_shore_a
Lair:2:   layout_chaotic_city, infiniplex_staircase_pool_2,
          serial_bayou_shore_b, grunt_megastairs_5
Lair:3:   layout_chaotic_city, nicolae_swamp_entry_splash_gauntlet,
          nicolae_spider_entry_orb_guardian, enter_volcano_3,
          maelrawn_ghost_gauntlet_escape
Lair:4:   layout_loops_ring
Lair:5:   layout_long_grid, minmay_slime_entry_oklob_open, st_stairs_5
Lair:6:   hangedman_lair_in_review, layout_regular_city, nzn_sisyphean_effort,
          uniq_snorg, uniq_nessos
Swamp:1:  layout_basic_swamp, evilmike_swamp_ruin_rubble_1
Swamp:2:  layout_basic_swamp, nicolae_swamp_big_swirl
Swamp:3:  layout_falls_marsh, portal_ice_cave_entry_frozen_things,
          evilmike_swamp_ruin_house_6, swamp_pool4
Swamp:4:  swamp_alternative, layout_basic_swamp, swamp_pool1
Spider:1: layout_spider_delve
Spider:2: layout_chambers, uniq_frances, uniq_louise, uniq_arachne
Spider:3: layout_spider_delve
Spider:4: grunt_spider_rune_circles, drop_trap, nicolae_spider_scorpion_nest
Orc:1:    layout_caves, basic_altar, nicolae_orc_flooded_monolith
Orc:2:    st_orc_town, layout_diamond_mine
Vaults:1: st_cells, v_misc_4, nicolae_vaults_little_squares_2,
          ontoclasm_vaults_tryst, hangedman_vaults_trim, ontoclasm_vaults_eye,
          grunt_vaults_hallway_short, vaults_room_semicircle,
          hangedman_vaults_river_flow, layout_vaults_big_room, serial_shops,
          nicolae_shop_trees
Vaults:2: grunt_vaults_diagonal, hangedman_vaults_snaps,
          nicolae_vaults_network_barrier, nicolae_vaults_little_squares_2,
          nicolae_vaults_border_crossing, nicolae_vaults_little_squares_5,
          nicolae_vaults_little_squares_6, v_rooms_4, nicolae_vaults_meeting,
          nicolae_vaults_specimen_jars, v_rooms_4, v_alt_pattern_1,
          ontoclasm_vaults_decontamination, layout_vaults_maze_snakey,
          uniq_asterion

Skill      XL: |  1  2  3  4  5  6  7  8  9 10 11 12 13 14 15 16 17 18 19 20 |
---------------+-------------------------------------------------------------+-----
Fighting       | 4 5 6 7 8 9 10 11 15 16 17 20 | 20.0
Axes           | 5 6 7 8 10 12 14 16 17 18 | 18.0
Throwing       | 1 2 |  2.0
Evocations     | 2 10 12 14 18 20 | 20.6
Armour         | 5 7 10 11 13 14 | 14.3
Dodging        | 3 5 6 8 9 |  9.3
Shields        | 9 15 | 15.0
Spellcasting   | |  1.0
Fire Magic     | |  3.2

Action                   |  1- 3 |  4- 6 |  7- 9 | 10-12 | 13-15 | 16-18 | 19-21 || total
-------------------------+-------+-------+-------+-------+-------+-------+-------++-------
Melee: Hand axe          |   105 |   137 |   470 |   259 |       |       |       ||   971
       Broad axe         |       |       |       |   293 |   984 |  1448 |   613 ||  3338
Throw: Dart              |       |       |     3 |    58 |    28 |     4 |     5 ||    98
       Boomerang         |       |       |       |       |       |     6 |       ||     6
Invok: Foxfire Swarm     |     1 |     3 |     2 |       |       |       |       ||     6
       Fiery Armour      |       |     1 |     2 |       |       |       |       ||     3
 Abil: Evoke Invisibilit |       |       |       |     6 |     1 |     1 |       ||     8
Evoke: Wand              |       |       |       |    31 |     9 |    72 |     5 ||   117
       Tin of tremorston |       |       |       |       |     4 |    10 |     4 ||    18
       Lightning rod     |       |       |       |       |       |    24 |     3 ||    27
       Condenser vane    |       |       |       |       |       |       |     3 ||     3
       Box of beasts     |       |       |       |       |       |       |     1 ||     1
  Use: Scroll            |       |     6 |     8 |    15 |     5 |     7 |     2 ||    43
       Potion            |       |     2 |     1 |     4 |     3 |     9 |     6 ||    25
 Stab: Invisible         |       |       |       |     8 |       |     1 |     1 ||    10
       Paralysed         |       |       |       |       |       |    15 |       ||    15
       Distracted        |       |       |       |       |       |     1 |     1 ||     2
Armor: Robe              |    13 |     7 |       |       |       |       |       ||    20
       Plate armour      |       |    80 |   288 |   170 |       |       |       ||   538
       Chain mail        |       |       |       |    45 |   531 |  1437 |   405 ||  2418
Dodge: Dodged            |    68 |    32 |   107 |   137 |   343 |   519 |   180 ||  1386
Block: Tower shield      |       |       |       |       |       |   714 |   470 ||  1184

Table legend: (Time is in decaauts)
 A = Elapsed time spent in this place.
 B = Non-inter-level travel time spent in this place.
 C = Inter-level travel time spent in this place.
 D = Time resting spent in this place.
 E = Time spent auto-exploring this place.
 F = Levels seen in this place.
 G = Mean time per level.
                   A        B        C        D        E       F      G
               +--------+--------+--------+--------+--------+-----+--------+
         Total |  60115 |  57335 |   2780 |  26235 |  19797 |  37 | 1624.7 |
       Dungeon |  21272 |  19563 |   1709 |   7302 |   8627 |  15 | 1418.1 |
          Lair |   8796 |   8198 |    598 |   2666 |   4110 |   6 | 1466.0 |
         Swamp |   5727 |   5566 |    161 |   2630 |   1942 |   4 | 1431.8 |
   Spider Nest |  13246 |  13045 |    201 |   8579 |   2205 |   4 | 3311.5 |
  Orcish Mines |   2463 |   2378 |     85 |   1042 |    866 |   2 | 1231.5 |
        Vaults |   3871 |   3847 |     24 |   1698 |   1405 |   2 | 1935.5 |
        Bailey |   2048 |   2048 |      0 |   1060 |    102 |   1 | 2048.0 |
      Ice Cave |   1377 |   1377 |      0 |    742 |    193 |   1 | 1377.0 |
       Volcano |    420 |    420 |      0 |    197 |     44 |   1 |  420.0 |
      Gauntlet |    890 |    890 |      0 |    317 |    303 |   1 |  890.0 |
               +--------+--------+--------+--------+--------+-----+--------+

Top non-repeatable levels by time:
Spider:3: 4783 daAuts
Spider:2: 4498 daAuts
Spider:4: 2590 daAuts
  Lair:6: 2489 daAuts
     D:8: 2406 daAuts
     D:5: 2109 daAuts
  Lair:3: 2107 daAuts
Vaults:1: 2052 daAuts
  Bailey: 2048 daAuts
    D:15: 1945 daAuts
    D:13: 1913 daAuts
Vaults:2: 1819 daAuts
 Swamp:1: 1769 daAuts
 Swamp:2: 1748 daAuts
    D:14: 1568 daAuts
